[Event "FIDE WCCC Open-12 2024"]
[Site "Montesilvano"]
[Date "2024.11.19"]
[Round "5.38"]
[White "Zhang, Haoxuan"]
[Black "Mikolavicius, Julius"]
[Result "1-0"]
[ECO "B07"]
[WhiteElo "1951"]
[BlackElo "1746"]
[Annotator "RC"]
[PlyCount "109"]
[EventDate "2024.11.18"]
[EventType "swiss"]
[EventCountry "ITA"]
[SourceTitle "playchess.com"]
[Source "ChessBase"]
[SourceQuality "1"]
[TimeControl "5400+30"]

1. e4 d6 2. d4 Nf6 3. Nc3 c6 4. f4 Qa5 5. Bd3 e5 6. Nf3 Nbd7 7. Be3 Be7 8. O-O h5 9. Qe1 Qc7 10. h3 b6 11. a4 Bb7 12. b4 O-O 13. Qg3 Ne8 14. a5 Bf6 15. a6 Bc8 16. b5 exd4 17. Nxd4 Nc5 18. bxc6 Nxd3 19. Nd5 Qd8 20. cxd3 Be6 21. Nxf6+ Qxf6 22. f5 Bc8 23. Nb5 Qe7 24. Bd4 f6 25. Rfc1 Nc7 26. Nxc7 Qxc7 27. Qe1 Re8 28. Qb4 Kh7 29. Qb5 Rf8 30. Be3 g5 31. Qd5 Rg8 32. g4 h4 33. Rcb1 Re8 34. Bd4 Rf8 35. Rb5 Kg7 36. Bb2 Rf7 37. Kf2 Kf8 38. d4 Re7 39. Ra4 Bd7 40. cxd7 Qc2+ 41. Ke3 Rd8 42. Rc4 Qg2 43. e5 Qg1+ 44. Kd2 fxe5 45. dxe5 Qf2+ 46. Kc1 Qe1+ 47. Qd1 Qe3+ 48. Kb1 Rdxd7 49. e6 Rd8 50. Qd4 Qg1+ 51. Qxg1 d5 52. Qd4 Rh7 53. Qf6+ Ke8 54. Ba3 dxc4 55. Qf8# 1-0

[Event "FIDE WCCC Open-12 2024"]
[Site "Montesilvano"]
[Date "2024.11.19"]
[Round "5.39"]
[White "Skytte, Robert"]
[Black "Wang, William Kaiyuan"]
[Result "1-0"]
[ECO "C57"]
[WhiteElo "1925"]
[BlackElo "1715"]
[Annotator "NA RC"]
[PlyCount "113"]
[EventDate "2024.11.18"]
[EventType "swiss"]
[EventCountry "ITA"]
[SourceTitle "playchess.com"]
[Source "ChessBase"]
[SourceQuality "1"]
[TimeControl "5400+30"]

1. e4 e5 2. Nf3 Nc6 3. Bc4 Nf6 4. Ng5 d5 5. exd5 b5 6. Bf1 Nxd5 7. Bxb5 Bb7 8. Qh5 Qf6 9. d4 exd4 10. O-O O-O-O 11. Nxf7 g6 12. Qg4+ Kb8 13. Nxd8 Qxd8 14. Bg5 Qd6 15. Bxc6 Qxc6 16. Qxd4 Rg8 17. Nc3 Nb6 18. Qg4 Bd6 19. Rfe1 h5 20. Qe4 Qd7 21. Qe6 Qh7 22. Rad1 Rf8 23. Rxd6 Bc8 24. Rxb6+ axb6 25. Qc4 Qd7 26. Re7 Qd6 27. h3 Rf5 28. Nb5 Qd1+ 29. Kh2 Qd8 30. Qa4 Rxb5 31. Qxb5 Qd6+ 32. Qe5 Qc6 33. Bf4 Bb7 34. Qxc7+ Qxc7 35. Rxc7 Ka7 36. Be3 Ka6 37. Rxb7 Kxb7 38. Bxb6 Kxb6 39. a4 g5 40. b4 g4 41. c4 g3+ 42. Kxg3 Kb7 43. b5 Kb6 44. Kh4 Ka7 45. a5 Kb7 46. c5 Ka7 47. c6 Ka8 48. b6 Kb8 49. c7+ Kb7 50. a6+ Kxb6 51. c8=Q Kb5 52. Qb7+ Kc5 53. a7 Kd6 54. a8=Q Ke5 55. Qe7+ Kd4 56. Qae4+ Kc3 57. Q7b4# 1-0

[Event "FIDE WCCC Open-12 2024"]
[Site "Montesilvano"]
[Date "2024.11.19"]
[Round "5.40"]
[White "Ilcic, Aleksa"]
[Black "Yin, Milo"]
[Result "1-0"]
[ECO "D35"]
[WhiteElo "1757"]
[BlackElo "1925"]
[Annotator "RC"]
[PlyCount "101"]
[EventDate "2024.11.18"]
[EventType "swiss"]
[EventCountry "ITA"]
[SourceTitle "playchess.com"]
[Source "ChessBase"]
[SourceQuality "1"]
[TimeControl "5400+30"]

1. d4 d5 2. c4 e6 3. cxd5 exd5 4. Nc3 Nf6 5. Bg5 c6 6. e3 Be6 7. Bd3 Nbd7 8. Nge2 h6 9. Bxf6 Qxf6 10. Qc2 O-O-O 11. Nf4 Kb8 12. h4 Rc8 13. Rc1 Qd8 14. O-O Bd6 15. g3 Bxf4 16. exf4 Bh3 17. Rfe1 g5 18. Bf5 Bxf5 19. Qxf5 gxh4 20. Qxf7 Rf8 21. Qe7 hxg3 22. fxg3 Nf6 23. Qxd8 Rcxd8 24. Re7 Rg8 25. Kf2 Rde8 26. Rxe8+ Rxe8 27. Kf3 Kc7 28. Rc2 Kd7 29. Re2 Rg8 30. Re5 Ng4 31. Rh5 Ke6 32. Nd1 Kd7 33. Rh4 Nf6 34. Rxh6 Ne4 35. g4 a5 36. Rh7+ Kc8 37. g5 b5 38. Re7 Kd8 39. Ra7 Kc8 40. Ra8+ Kb7 41. Rxg8 Kb6 42. Re8 Nd2+ 43. Ke2 Nc4 44. g6 c5 45. dxc5+ Kxc5 46. Rc8+ Kb4 47. Rxc4+ dxc4 48. g7 Ka4 49. g8=Q Kb4 50. Qf8+ Ka4 51. Qa3# 1-0

[Event "FIDE WCCC Open-12 2024"]
[Site "Montesilvano"]
[Date "2024.11.19"]
[Round "5.41"]
[White "Yerzhanuly Yernur"]
[Black "Miransh Vyas"]
[Result "1-0"]
[ECO "D35"]
[WhiteElo "1917"]
[BlackElo "1705"]
[Annotator "RC"]
[PlyCount "219"]
[EventDate "2024.11.18"]
[EventType "swiss"]
[EventCountry "ITA"]
[SourceTitle "playchess.com"]
[Source "ChessBase"]
[SourceQuality "1"]
[TimeControl "5400+30"]

1. d4 d5 2. c4 e6 3. cxd5 exd5 4. Nc3 Nf6 5. Bg5 c6 6. e3 Bd6 7. Bd3 O-O 8. Nge2 Re8 9. Qc2 h6 10. Bh4 a5 11. h3 Na6 12. a3 Nc7 13. O-O Ne6 14. Rad1 Ng5 15. f4 Ne6 16. g4 Be7 17. Rf3 b5 18. Rdf1 b4 19. Na4 Ne4 20. Bxe7 Qxe7 21. Ng3 Ba6 22. Bxa6 Nxg3 23. Rxg3 Rxa6 24. g5 hxg5 25. f5 Nf8 26. h4 Nh7 27. hxg5 Nxg5 28. f6 gxf6 29. Nc5 Raa8 30. Qf5 Kg7 31. Nd7 Qe6 32. Qxf6+ Qxf6 33. Rxf6 Re6 34. Rxg5+ Kh7 35. Rxf7+ Kh6 36. Rfg7 Ra7 37. Nc5 Rxg7 38. Rxg7 bxa3 39. bxa3 Rxe3 40. Rc7 Rxa3 41. Rxc6+ Kg5 42. Rd6 Kf4 43. Rxd5 Ra2 44. Ne6+ Ke4 45. Re5+ Kf3 46. Re1 a4 47. d5 Rd2 48. Ng5+ Kg4 49. Ne4 Rd4 50. Kf2 Kf4 51. Nc3 Rd2+ 52. Re2 Rd3 53. Rc2 a3 54. Ke2 a2 55. Nxa2 Rxd5 56. Rc4+ Ke5 57. Nc3 Rd4 58. Rc5+ Kd6 59. Rh5 Rg4 60. Kd3 Rg3+ 61. Kd4 Rg4+ 62. Ne4+ Ke6 63. Rh6+ Kf7 64. Ke5 Ke7 65. Rh7+ Kf8 66. Nf6 Rg1 67. Kd6 Rd1+ 68. Nd5 Kg8 69. Re7 Kf8 70. Re5 Kf7 71. Rf5+ Kg6 72. Rf2 Kg5 73. Ke5 Re1+ 74. Kd4 Rd1+ 75. Ke4 Re1+ 76. Ne3 Ra1 77. Ke5 Ra5+ 78. Nd5 Kg4 79. Ke4 Ra4+ 80. Kd3 Ra3+ 81. Nc3 Ra8 82. Ke3 Ra3 83. Kd4 Ra8 84. Ke4 Re8+ 85. Kd4 Kg3 86. Rf7 Rd8+ 87. Ke3 Re8+ 88. Ne4+ Kg4 89. Rf4+ Kh5 90. Kf3 Ra8 91. Rg4 Rf8+ 92. Kg3 Rf1 93. Rg5+ Kh6 94. Ra5 Kg6 95. Ra6+ Kf5 96. Rf6+ Kxe4 97. Rxf1 Kd3 98. Kf3 Kd2 99. Ra1 Kc2 100. Ke3 Kb2 101. Ra8 Kc3 102. Rc8+ Kb4 103. Kd4 Kb5 104. Kd5 Kb6 105. Kd6 Kb7 106. Rc4 Kb8 107. Kc6 Kc8 108. Rd4 Kb8 109. Ra4 Kc8 110. Ra8# 1-0

[Event "FIDE WCCC Open-12 2024"]
[Site "Montesilvano"]
[Date "2024.11.19"]
[Round "5.42"]
[White "Park, Onyoo"]
[Black "Hallmundarson, Birkir"]
[Result "0-1"]
[ECO "D02"]
[WhiteElo "1710"]
[BlackElo "1914"]
[Annotator "NA RC"]
[PlyCount "38"]
[EventDate "2024.11.18"]
[EventType "swiss"]
[EventCountry "ITA"]
[SourceTitle "playchess.com"]
[Source "ChessBase"]
[SourceQuality "1"]
[TimeControl "5400+30"]

1. d4 Nf6 2. Bf4 e6 3. e3 d5 4. Nf3 c5 5. c3 Nc6 6. Nbd2 Bd6 7. Bg3 O-O 8. Bd3 cxd4 9. exd4 Qc7 10. Qe2 a6 11. a4 Bxg3 12. hxg3 h6 13. Rh4 Nd7 14. g4 e5 15. dxe5 Ndxe5 16. Nxe5 Nxe5 17. g5 Qe7 18. O-O-O Qxg5 19. Rd4 Nc6 0-1

[Event "FIDE WCCC Open-12 2024"]
[Site "Montesilvano"]
[Date "2024.11.19"]
[Round "5.43"]
[White "Chen, Jun-Wei"]
[Black "Leht, Karl Samuel"]
[Result "1/2-1/2"]
[ECO "B15"]
[WhiteElo "1907"]
[BlackElo "1701"]
[Annotator "RC"]
[PlyCount "143"]
[EventDate "2024.11.18"]
[EventType "swiss"]
[EventCountry "ITA"]
[SourceTitle "playchess.com"]
[Source "ChessBase"]
[SourceQuality "1"]
[TimeControl "5400+30"]

1. e4 c6 2. d4 d5 3. Nd2 dxe4 4. Nxe4 Nf6 5. Nxf6+ exf6 6. c3 Bd6 7. Bd3 O-O 8. Qc2 h5 9. Ne2 Re8 10. O-O h4 11. Nf4 h3 12. g3 Bxf4 13. Bxf4 g5 14. Bd2 Qd5 15. f3 Be6 16. Be4 Qd7 17. Rae1 Na6 18. b4 Nc7 19. Bd3 a5 20. a3 axb4 21. axb4 Ra2 22. Qc1 Rea8 23. Bb1 Ra1 24. Qc2 f5 25. Bxg5 f6 26. Bc1 Nb5 27. Bb2 Na3 28. Bxa3 R1xa3 29. Qe2 Bf7 30. Qd2 Ba2 31. Bd3 Kg7 32. Qf4 Be6 33. Rc1 Ra2 34. Bc2 Rb2 35. Bb1 Rg2+ 36. Kh1 Qd5 37. c4 Qd7 38. Rfe1 Ra3 39. Re3 Ra1 40. Ree1 Ra3 41. b5 Rb3 42. Rg1 Rf2 43. Rgf1 Rbxf3 44. Rxf2 Rxf4 45. Rxf4 cxb5 46. Rd1 bxc4 47. d5 Bxd5+ 48. Kg1 Qc6 49. Bxf5 Qc5+ 50. Rf2 Bg2 51. Rd7+ Kf8 52. Rd8+ Ke7 53. Rd7+ Ke8 54. Rh7 Qe3 55. Bxh3 Qe1+ 56. Kxg2 Qe4+ 57. Rf3 Qxh7 58. Rxf6 Qc2+ 59. Rf2 Qe4+ 60. Kf1 Qb1+ 61. Kg2 c3 62. Bf5 Qd1 63. h4 b5 64. g4 b4 65. h5 b3 66. h6 c2 67. h7 Qd5+ 68. Kh3 Qh1+ 69. Rh2 Qf3+ 70. Kh4 Qc3 71. Bxc2 bxc2 72. Rxc2 1/2-1/2

[Event "FIDE WCCC Open-12 2024"]
[Site "Montesilvano"]
[Date "2024.11.19"]
[Round "5.44"]
[White "Bundan, Edward"]
[Black "Shirinov, Yashar"]
[Result "0-1"]
[ECO "B01"]
[WhiteElo "1905"]
[BlackElo "1642"]
[Annotator "RC"]
[PlyCount "74"]
[EventDate "2024.11.18"]
[EventType "swiss"]
[EventCountry "ITA"]
[SourceTitle "playchess.com"]
[Source "ChessBase"]
[SourceQuality "1"]
[TimeControl "5400+30"]

1. e4 d5 2. exd5 Nf6 3. d4 Nxd5 4. c4 Nb6 5. Nf3 g6 6. Nc3 Bg7 7. h3 O-O 8. Be3 Nc6 9. Qd2 e5 10. d5 Ne7 11. O-O-O Nf5 12. g4 Nxe3 13. fxe3 f5 14. gxf5 Bxf5 15. Be2 Bh6 16. Rdg1 Qe7 17. Rg3 Qc5 18. Nh4 Nxc4 19. Bxc4 Qxc4 20. Nxf5 Rxf5 21. Rg4 Qc5 22. Re1 Raf8 23. Qg2 Rf3 24. Kb1 Rxe3 25. Rg1 Qb6 26. Ne4 Ref3 27. d6 Qxg1+ 28. Qxg1 Rf1+ 29. Qxf1 Rxf1+ 30. Kc2 cxd6 31. Nxd6 Rf2+ 32. Kb1 Bf4 33. Nxb7 e4 34. Rg1 e3 35. Re1 Rd2 36. a4 e2 37. Kc1 Rd1+ 0-1

[Event "FIDE WCCC Open-12 2024"]
[Site "Montesilvano"]
[Date "2024.11.19"]
[Round "5.46"]
[White "Chia, Yu Zhe Ashton"]
[Black "Ivarlac, Vladislav"]
[Result "1-0"]
[ECO "B12"]
[WhiteElo "2252"]
[BlackElo "1867"]
[Annotator "RC"]
[PlyCount "119"]
[EventDate "2024.11.18"]
[EventType "swiss"]
[EventCountry "ITA"]
[SourceTitle "playchess.com"]
[Source "ChessBase"]
[SourceQuality "1"]
[TimeControl "5400+30"]

1. e4 c6 2. d4 d5 3. f3 dxe4 4. fxe4 e5 5. Nf3 exd4 6. Bc4 Be7 7. O-O Nf6 8. Ng5 O-O 9. Nxf7 Qa5 10. Nd6+ Kh8 11. Nxc8 Rxc8 12. Nd2 b5 13. Be6 Rd8 14. e5 Ng8 15. Rf7 Rf8 16. Rxf8 Bxf8 17. Qf3 Bc5 18. Bxg8 Kxg8 19. e6 Qc7 20. Ne4 Na6 21. Bf4 Qe7 22. Nxc5 Qxc5 23. Re1 Rf8 24. e7 Re8 25. Qb3+ Qc4 26. Qxc4+ bxc4 27. Bd6 Kf7 28. Rf1+ Ke6 29. Rf8 Kd7 30. Rxe8 Kxe8 31. Kf2 c5 32. a3 Kd7 33. Ke2 g6 34. Kd2 h6 35. b4 cxb3 36. cxb3 g5 37. g4 Ke8 38. Kd3 Kd7 39. b4 cxb4 40. axb4 Kxd6 41. e8=Q Nxb4+ 42. Kxd4 Nc6+ 43. Kc3 Ne7 44. Qb8+ Ke6 45. Qxa7 Kf6 46. Qd4+ Kf7 47. Qh8 Kg6 48. Qe8+ Kf6 49. Qf8+ Ke6 50. Qxh6+ Kd5 51. Qxg5+ Kd6 52. Kc2 Nd5 53. h4 Nb4+ 54. Kb3 Nc6 55. h5 Nd4+ 56. Kc4 Nc6 57. Qf6+ Kd7 58. h6 Na5+ 59. Kb5 Nc6 60. Qxc6+ 1-0

[Event "FIDE WCCC Open-12 2024"]
[Site "Montesilvano"]
[Date "2024.11.19"]
[Round "5.47"]
[White "Kraucenka, Justas"]
[Black "Xia, Jinnan"]
[Result "0-1"]
[ECO "D02"]
[WhiteElo "1650"]
[BlackElo "1850"]
[Annotator "NA RC"]
[PlyCount "114"]
[EventDate "2024.11.18"]
[EventType "swiss"]
[EventCountry "ITA"]
[SourceTitle "playchess.com"]
[Source "ChessBase"]
[SourceQuality "1"]
[TimeControl "5400+30"]

1. d4 Nf6 2. Nf3 d5 3. Bf4 e6 4. e3 c5 5. Nbd2 Nc6 6. c3 cxd4 7. cxd4 Qb6 8. Rb1 Nh5 9. Bg5 h6 10. Bh4 g5 11. Ne5 Nxe5 12. Qxh5 gxh4 13. Qxe5 Rg8 14. Qh5 Bb4 15. Rd1 Be7 16. b3 Rg6 17. g3 hxg3 18. hxg3 Bf8 19. Bd3 Rg5 20. Qf3 Qa5 21. a4 a6 22. Rc1 Bd7 23. Qe2 e5 24. dxe5 Bg4 25. f3 Bd7 26. f4 Rxg3 27. Kf2 Rg8 28. Nf3 Qb6 29. Qc2 Ba3 30. Rcg1 Ke7 31. Bf5 Bc5 32. Re1 d4 33. exd4 Bxd4+ 34. Kf1 Rg3 35. Nxd4 Qxd4 36. Qe4 Qxe4 37. Bxe4 Rxb3 38. Rxh6 Bxa4 39. Bd5 Rb5 40. Ba2 Rb2 41. Bd5 Rg8 42. Bc4 Rb4 43. Bxa6 Rxf4+ 44. Ke2 bxa6 45. Ke3 Rf5 46. Ke4 Bc2+ 47. Kd4 Rf4+ 48. Kc3 Rc8+ 49. Kb2 Rb4+ 50. Ka3 Ra4+ 51. Kb2 Bf5 52. Rb6 Ra5 53. Rb7+ Ke8 54. Ra7 Rb5+ 55. Ka3 Rc3+ 56. Ka2 Be6+ 57. Ka1 Ra3# 0-1

[Event "FIDE WCCC Open-12 2024"]
[Site "Montesilvano"]
[Date "2024.11.19"]
[Round "5.48"]
[White "Anagnostopoulos, Panagiotis"]
[Black "Sharafutdinov, Timur"]
[Result "1-0"]
[ECO "A13"]
[WhiteElo "1848"]
[BlackElo "1925"]
[Annotator "RC"]
[PlyCount "141"]
[EventDate "2024.11.18"]
[EventType "swiss"]
[EventCountry "ITA"]
[SourceTitle "playchess.com"]
[Source "ChessBase"]
[SourceQuality "1"]
[TimeControl "5400+30"]

1. Nf3 d5 2. g3 Nf6 3. Bg2 e6 4. O-O c5 5. c4 dxc4 6. Qa4+ Bd7 7. Qxc4 Bc6 8. d3 a6 9. Qc2 Be7 10. Nc3 Nbd7 11. a4 O-O 12. a5 Qc7 13. Bd2 Ne5 14. Nxe5 Bxg2 15. Kxg2 Qxe5 16. Bf4 Qh5 17. e4 Ng4 18. h3 Nf6 19. Rfd1 Nd7 20. Qb3 e5 21. Qxb7 exf4 22. Qxd7 f3+ 23. Kh2 Bf6 24. Rd2 c4 25. Nd5 Bg5 26. Rdd1 Rab8 27. Rab1 Rb5 28. dxc4 Rxa5 29. Qf5 g6 30. Qd7 f5 31. Qe6+ Kg7 32. Qe5+ Kh6 33. Qd6 Rd8 34. Qc7 Ra4 35. Nf4 Rxd1 36. Rxd1 Bxf4 37. Qxf4+ Qg5 38. exf5 Qxf4 39. gxf4 Rxc4 40. fxg6 Rxf4 41. gxh7 Kxh7 42. Rd7+ Kg8 43. Kg3 Rf6 44. Ra7 Kf8 45. b4 Kg8 46. h4 Kf8 47. Rb7 Kg8 48. b5 a5 49. Ra7 Rg6+ 50. Kxf3 Rf6+ 51. Kg3 Rg6+ 52. Kh3 Rf6 53. f4 Rxf4 54. b6 Rb4 55. b7 Rb3+ 56. Kg2 Rb2+ 57. Kf3 Rb3+ 58. Ke2 Rb2+ 59. Kd3 Rb3+ 60. Kc2 Rxb7 61. Rxb7 a4 62. Kb2 a3+ 63. Kxa3 Kh8 64. Kb4 Kg8 65. Kc5 Kh8 66. Kd6 Kg8 67. Ke6 Kf8 68. Ra7 Kg8 69. Kf6 Kh8 70. Kg6 Kg8 71. Ra8# 1-0

[Event "FIDE WCCC Open-12 2024"]
[Site "Montesilvano"]
[Date "2024.11.19"]
[Round "5.49"]
[White "Kim, Derek Minwoo"]
[Black "Saminskij, Jan"]
[Result "0-1"]
[ECO "C54"]
[WhiteElo "1699"]
[BlackElo "2202"]
[Annotator "RC"]
[PlyCount "104"]
[EventDate "2024.11.18"]
[EventType "swiss"]
[EventCountry "ITA"]
[SourceTitle "playchess.com"]
[Source "ChessBase"]
[SourceQuality "1"]
[TimeControl "5400+30"]

1. e4 e5 2. Nf3 Nc6 3. Bc4 Bc5 4. c3 Nf6 5. d4 exd4 6. cxd4 Bb4+ 7. Bd2 Nxe4 8. Bxb4 Nxb4 9. Bxf7+ Kxf7 10. Qb3+ Kf8 11. Qxb4+ Qe7 12. Qxe7+ Kxe7 13. O-O Kd8 14. Re1 Nf6 15. Ne5 Rf8 16. Nc3 d6 17. Nf3 h6 18. Rac1 Bd7 19. d5 a5 20. Nd4 a4 21. Ne6+ Bxe6 22. dxe6 Ke7 23. Ne4 Ne8 24. Nc3 c6 25. Re4 b5 26. Ne2 c5 27. Nf4 Rf5 28. Rd1 g5 29. Nd5+ Rxd5 30. Rxd5 Nf6 31. Ree5 dxe5 32. Rxc5 Rd8 33. g3 Rd5 34. Rc7+ Kxe6 35. Rc6+ Rd6 36. Rc5 Rb6 37. Kg2 Kd6 38. Rc8 Ke6 39. Rh8 Rb7 40. Kf3 Rc7 41. g4 Rc2 42. b3 e4+ 43. Ke3 Ke5 44. Re8+ Nxe8 45. f3 Rc3+ 46. Kf2 e3+ 47. Ke2 Kd4 48. h4 Rc2+ 49. Kd1 Kd3 50. hxg5 Rh2 51. Kc1 a3 52. gxh6 Rh1# 0-1

[Event "FIDE WCCC Open-12 2024"]
[Site "Montesilvano"]
[Date "2024.11.19"]
[Round "5.50"]
[White "Sason, Noam"]
[Black "Yusupov, Rauf"]
[Result "1/2-1/2"]
[ECO "C42"]
[WhiteElo "2017"]
[BlackElo "1763"]
[Annotator "RC"]
[PlyCount "139"]
[EventDate "2024.11.18"]
[EventType "swiss"]
[EventCountry "ITA"]
[SourceTitle "playchess.com"]
[Source "ChessBase"]
[SourceQuality "1"]
[TimeControl "5400+30"]

1. e4 e5 2. Nf3 Nf6 3. Nxe5 d6 4. Nf3 Nxe4 5. Bd3 Nf6 6. h3 Be7 7. O-O O-O 8. c3 d5 9. Bc2 Bd6 10. d4 Nbd7 11. Nh4 Ne4 12. Nf5 Ndf6 13. Nxd6 Qxd6 14. Qf3 Qb6 15. a4 a5 16. g4 Qe6 17. Bf4 Ne8 18. Nd2 f5 19. g5 Nxd2 20. Bxd2 f4 21. Kh2 Qf7 22. Rae1 Nd6 23. Bc1 c6 24. Re5 Bd7 25. b3 Rae8 26. Ba3 Rxe5 27. dxe5 Ne4 28. Bxe4 dxe4 29. Qxe4 Re8 30. Bd6 Qxb3 31. g6 hxg6 32. Qxg6 Qxc3 33. f3 Re6 34. Qg5 Qc2+ 35. Qg2 Qxg2+ 36. Kxg2 Rg6+ 37. Kh2 Rh6 38. Rb1 Bxh3 39. Kg1 Rg6+ 40. Kh2 Bc8 41. Bc7 Rh6+ 42. Kg2 Re6 43. Rd1 Kf7 44. Re1 Re7 45. Bd8 Re8 46. Bxa5 Be6 47. Bc3 Bd5 48. a5 g5 49. Kf2 Kg6 50. Bd4 Re7 51. Bc5 Re8 52. Bd6 Kf5 53. Rh1 Kg6 54. Re1 Kf5 55. Rh1 Kg6 56. Rb1 Rh8 57. Rxb7 Rh2+ 58. Kg1 Ra2 59. Ra7 Kf5 60. a6 Bxf3 61. Rf7+ Ke6 62. Rf6+ Kd5 63. Bb8 Rxa6 64. e6 Ra8 65. Bc7 Re8 66. Rf5+ Kxe6 67. Rxg5 Kf6 68. Rc5 Bd5 69. Bxf4 Kf5 70. Bg3 1/2-1/2

[Event "FIDE WCCC Open-12 2024"]
[Site "Montesilvano"]
[Date "2024.11.19"]
[Round "5.51"]
[White "Sun, Kevin"]
[Black "Su, Jayden Chenxuan"]
[Result "1-0"]
[ECO "C45"]
[WhiteElo "1966"]
[BlackElo "1700"]
[Annotator "NA RC"]
[PlyCount "99"]
[EventDate "2024.11.18"]
[EventType "swiss"]
[EventCountry "ITA"]
[SourceTitle "playchess.com"]
[Source "ChessBase"]
[SourceQuality "1"]
[TimeControl "5400+30"]

1. e4 e5 2. Nf3 Nc6 3. d4 exd4 4. Nxd4 Qf6 5. Nf3 Bb4+ 6. Nbd2 Nge7 7. Be2 Qg6 8. c3 Bc5 9. O-O d6 10. Re1 O-O 11. b4 Bb6 12. a4 a5 13. b5 Ne5 14. Nxe5 dxe5 15. Ba3 Bh3 16. Bf1 Rfe8 17. Nc4 Bg4 18. Nxe5 Bxd1 19. Nxg6 Nxg6 20. Raxd1 Rad8 21. Bc4 Ne5 22. Be2 Rxd1 23. Rxd1 h6 24. c4 c6 25. c5 Bd8 26. f4 Ng6 27. g3 Kh7 28. Bf3 Be7 29. e5 cxb5 30. axb5 b6 31. Rd3 Bxc5+ 32. Bxc5 bxc5 33. b6 Rb8 34. b7 a4 35. Ra3 c4 36. Rxa4 c3 37. Rc4 h5 38. Rxc3 h4 39. Rc8 Rxb7 40. Bxb7 hxg3 41. hxg3 Ne7 42. Rc7 Nf5 43. Be4 Kg6 44. g4 f6 45. Bxf5+ Kh6 46. exf6 g6 47. f7 Kg7 48. Bxg6 Kf8 49. Rc8+ Kg7 50. f8=Q+ 1-0

[Event "FIDE WCCC Open-12 2024"]
[Site "Montesilvano"]
[Date "2024.11.19"]
[Round "5.52"]
[White "Mohd Firdaus, Firast Haiqal"]
[Black "Gazzato, Nicolo`"]
[Result "1/2-1/2"]
[ECO "A16"]
[WhiteElo "1514"]
[BlackElo "1868"]
[Annotator "NA RC"]
[PlyCount "162"]
[EventDate "2024.11.18"]
[EventType "swiss"]
[EventCountry "ITA"]
[SourceTitle "playchess.com"]
[Source "ChessBase"]
[SourceQuality "1"]
[TimeControl "5400+30"]

1. Nf3 Nf6 2. g3 g6 3. Bg2 Bg7 4. O-O O-O 5. c4 d6 6. Nc3 Nbd7 7. d3 Re8 8. Bg5 h6 9. Bd2 e5 10. Qc2 Nc5 11. b4 Ne6 12. Rab1 Nh5 13. a4 f5 14. Nh4 Nd4 15. Bd5+ Kh7 16. Qd1 Rf8 17. e3 Ne6 18. Ne2 c6 19. Bxe6 Bxe6 20. f4 Bf6 21. Ng2 Qe7 22. Bc3 Rad8 23. Qc2 Qg7 24. c5 Bd5 25. e4 Be6 26. cxd6 Rxd6 27. fxe5 Bxe5 28. d4 Bxd4+ 29. Bxd4 Rxd4 30. Nxd4 Qxd4+ 31. Kh1 Rf6 32. Qc5 Qxc5 33. bxc5 Rf7 34. Nf4 Nxf4 35. Rxf4 g5 36. Rf2 Kg6 37. Kg1 Rd7 38. exf5+ Bxf5 39. Rbf1 Rd5 40. Rc1 Rd7 41. Rb2 Rf7 42. Rf2 Rd7 43. Rff1 Rd4 44. Rcd1 Re4 45. Rd6+ Be6 46. Rb1 Kh5 47. Rxb7 Bg4 48. Rxa7 Re1+ 49. Kf2 Re2+ 50. Kf1 Rxh2 51. Rh7 Bh3+ 52. Kg1 Rg2+ 53. Kh1 g4 54. Rdxh6+ Kg5 55. Rh5+ Kg6 56. R7h6+ Kg7 57. Rxh3 gxh3 58. Rxh3 Ra2 59. Rh4 Kg6 60. Rb4 Kg5 61. Rc4 Kf5 62. g4+ Kg5 63. Kg1 Kh4 64. Kf1 Kg5 65. Ke1 Kf6 66. Kd1 Ke5 67. Kc1 Kd5 68. Kb1 Rg2 69. Rf4 Kxc5 70. a5 Kb5 71. Rf5+ c5 72. g5 Kxa5 73. Rxc5+ Kb6 74. Rf5 Kc7 75. Kc1 Kd7 76. Kd1 Ke6 77. Ra5 Kf7 78. Ke1 Kg6 79. Kf1 Rg4 80. Kf2 Rxg5 81. Rxg5+ Kxg5 1/2-1/2

[Event "FIDE WCCC Open-12 2024"]
[Site "Montesilvano"]
[Date "2024.11.19"]
[Round "5.53"]
[White "Konstantinides, Savvas"]
[Black "Isakov, Amin"]
[Result "1-0"]
[ECO "B45"]
[WhiteElo "1839"]
[BlackElo "1698"]
[Annotator "NA RC"]
[PlyCount "73"]
[EventDate "2024.11.18"]
[EventType "swiss"]
[EventCountry "ITA"]
[SourceTitle "playchess.com"]
[Source "ChessBase"]
[SourceQuality "1"]
[TimeControl "5400+30"]

1. e4 c5 2. Nf3 e6 3. d4 cxd4 4. Nxd4 Nf6 5. Nc3 Nc6 6. Nxc6 bxc6 7. e5 Nd5 8. Ne4 Qc7 9. f4 Qb6 10. c4 Bb4+ 11. Ke2 f5 12. exf6 Nxf6 13. Be3 Qc7 14. Nxf6+ gxf6 15. Kf2 h5 16. Bd3 Bd6 17. Qf3 Rb8 18. b3 c5 19. Rhe1 Kf7 20. Rad1 Be7 21. Bc1 Rb6 22. Bb2 Ra6 23. a3 Rb6 24. Qe4 Rh6 25. Qe3 Rh8 26. Be4 a5 27. a4 Qb8 28. Rd3 Re8 29. Qf3 Rh8 30. Rde3 Rd6 31. Bd5 Bd8 32. f5 Qb6 33. Be5 fxe5 34. fxe6+ Kg7 35. Qf7+ Kh6 36. Rxe5 Bg5 37. Rxg5 1-0

[Event "FIDE WCCC Open-12 2024"]
[Site "Montesilvano"]
[Date "2024.11.19"]
[Round "5.54"]
[White "Padure, Dragos-Alexandru"]
[Black "Maari Kelly Sosi"]
[Result "1-0"]
[ECO "C45"]
[WhiteElo "1822"]
[BlackElo "1587"]
[Annotator "NA RC"]
[PlyCount "31"]
[EventDate "2024.11.18"]
[EventType "swiss"]
[EventCountry "ITA"]
[SourceTitle "playchess.com"]
[Source "ChessBase"]
[SourceQuality "1"]
[TimeControl "5400+30"]

1. e4 e5 2. Nf3 Nc6 3. Nc3 Nf6 4. d4 exd4 5. Nxd4 Nxd4 6. Qxd4 d6 7. Bg5 Be7 8. O-O-O a6 9. e5 Nd7 10. Bxe7 Qxe7 11. Nd5 Qd8 12. exd6 cxd6 13. Qxg7 Rf8 14. Bc4 b5 15. Rhe1+ Ne5 16. Nf6+ 1-0

[Event "FIDE WCCC Open-12 2024"]
[Site "Montesilvano"]
[Date "2024.11.19"]
[Round "5.55"]
[White "Sharku, Uvejs"]
[Black "Dos Santos, Leonardo Lopes"]
[Result "0-1"]
[ECO "B13"]
[WhiteElo "1516"]
[BlackElo "1930"]
[Annotator "RC"]
[PlyCount "116"]
[EventDate "2024.11.18"]
[EventType "swiss"]
[EventCountry "ITA"]
[SourceTitle "playchess.com"]
[Source "ChessBase"]
[SourceQuality "1"]
[TimeControl "5400+30"]

1. d4 d5 2. Bf4 c5 3. e3 cxd4 4. exd4 Nc6 5. Nf3 Nf6 6. c3 e6 7. Bd3 Bd6 8. Bg3 Bxg3 9. hxg3 Qc7 10. Qe2 h6 11. Na3 a6 12. O-O O-O 13. Rac1 Rd8 14. Bb1 Bd7 15. Rfe1 Be8 16. Ne5 Nd7 17. Nxd7 Qxd7 18. Qd3 g6 19. g4 Qe7 20. Qh3 Qg5 21. g3 e5 22. Kg2 Bd7 23. Rh1 Bxg4 24. Qxh6 Qxh6 25. Rxh6 Bh5 26. Rh1 Kg7 27. R6xh5 gxh5 28. Rxh5 exd4 29. cxd4 Nxd4 30. Rh7+ Kf6 31. Rh6+ Ke7 32. Nc2 Nxc2 33. Bxc2 Rac8 34. Bd3 Rd6 35. Rh1 Rb6 36. Re1+ Kd6 37. Re2 Rc7 38. b3 Re7 39. Rd2 Kc5 40. Bf5 d4 41. g4 Rd6 42. a3 Rb6 43. Rd3 Re1 44. Kf3 Ra1 45. Ke4 Rxa3 46. Rxd4 Rb4 47. Rxb4 Kxb4 48. Ke5 Rxb3 49. Kf6 Rf3 50. Kxf7 Rxf2 51. Kg6 b5 52. g5 a5 53. Kf6 Kc3 54. g6 Rg2 55. g7 Rxg7 56. Kxg7 b4 57. Kf6 a4 58. Ke5 b3 0-1

[Event "FIDE WCCC Open-12 2024"]
[Site "Montesilvano"]
[Date "2024.11.19"]
[Round "5.56"]
[White "Lenoks, Martin Jr."]
[Black "Wang, Luis"]
[Result "0-1"]
[ECO "C50"]
[WhiteElo "1514"]
[BlackElo "1751"]
[Annotator "NA RC"]
[PlyCount "54"]
[EventDate "2024.11.18"]
[EventType "swiss"]
[EventCountry "ITA"]
[SourceTitle "playchess.com"]
[Source "ChessBase"]
[SourceQuality "1"]
[TimeControl "5400+30"]

1. e4 e5 2. Nf3 Nc6 3. Bc4 Bc5 4. Nc3 d6 5. h3 Nf6 6. d3 h6 7. O-O Bd7 8. Re1 Qe7 9. a3 g5 10. Nh2 O-O-O 11. Be3 Nd4 12. Bxd4 Bxd4 13. Qd2 Rdg8 14. Kf1 g4 15. hxg4 Nxg4 16. Nxg4 Rxg4 17. g3 Qf6 18. Kg2 Bxc3 19. Qxc3 h5 20. f3 h4 21. fxg4 h3+ 22. Kg1 h2+ 23. Kg2 Bxg4 24. Rf1 Bh3+ 25. Kxh2 Bxf1+ 26. Kg1 Rh1+ 27. Kxh1 Qf3+ 0-1

[Event "FIDE WCCC Open-12 2024"]
[Site "Montesilvano"]
[Date "2024.11.19"]
[Round "5.57"]
[White "Andreiev, Andrii"]
[Black "Huang, Hao-Xuan"]
[Result "0-1"]
[ECO "C78"]
[WhiteElo "1704"]
[BlackElo "1516"]
[Annotator "NA RC"]
[PlyCount "54"]
[EventDate "2024.11.18"]
[EventType "swiss"]
[EventCountry "ITA"]
[SourceTitle "playchess.com"]
[Source "ChessBase"]
[SourceQuality "1"]
[TimeControl "5400+30"]

1. e4 e5 2. Nf3 Nc6 3. Bb5 a6 4. Ba4 Nf6 5. O-O b5 6. Bb3 Bb4 7. c3 Ba5 8. d4 exd4 9. cxd4 Nxe4 10. Bd2 Nxd2 11. Re1+ Ne7 12. Nbxd2 O-O 13. Ng5 d5 14. Re3 Nf5 15. Rh3 Qxg5 16. Rh5 Qxd2 17. Qxd2 Bxd2 18. Bxd5 Rb8 19. Rd1 Ba5 20. Rd3 Ne7 21. Be4 Ng6 22. g3 Bg4 23. Rg5 Be2 24. Ra3 Bd2 25. Rf5 Bg4 26. Rd5 c6 27. Rd7 Bxd7 0-1